Map: Odyssee LE

Players

higgi - Winner!

  • Race: Terran Terran
  • League: Master
  • Spawn Location: 11:00

Dystopia

  • Race: Protoss Protoss
  • League: Master
  • Spawn Location: 5:00

VOD

Have the link to the VOD?

Description

Time

  • Played on: Jan. 22, 2018, 5:53 a.m.
  • Length: 9:23
Show
View Real Time Build Order
Export as new Build Order

higgi Terran - Winner!

Build Orders: Cyclone Opening 

Get SALT Encoding   

  12  0:00  SCV  
  13  0:13  SCV  
  14  0:21  Supply Depot  
  14  0:28  SCV  
  15  0:43  SCV  
  15  0:44  Barracks  
  15  0:48  Refinery  
  16  0:55  SCV  
  17  1:02  Refinery  
  17  1:07  SCV  
  18  1:19  SCV  
  19  1:32  Orbital Command, Reaper  
  20  1:38  Supply Depot  
  20  1:52  Factory  
  20  1:57  SCV  
  21  2:05  Reaper  
  22  2:10  SCV  
  22  2:15  Supply Depot  
  23  2:25  SCV  
  24  2:38  Cyclone  
  24  2:42  Starport  
  24  2:43  Barracks Reactor  
  27  2:55  SCV  
  27  2:57  Supply Depot  
  28  3:11  Factory Tech Lab  
  27  3:14  SCV  
  28  3:20  Liberator, Marine x2  
  30  3:30  Siege Tank  
  33  3:41  Marine x2  
  37  3:44  Supply Depot  
  38  3:53  SCV  
  37  3:58  Marine  
  37  3:59  Marine  
  37  4:02  Siege Tank  
  42  4:22  Bunker  
  42  4:24  Viking  
  42  4:34  SCV  
  42  4:38  Marine x2  
  34  4:59  SCV  
  35  5:02  Marine x2  
  35  5:16  SCV  
  35  5:20  Siege Tank  
  34  5:41  Marine x2  
  36  5:52  Siege Tank  
  30  6:03  Marine x2  
  23  6:13  Liberator  
  23  6:28  Siege Tank  
  29  6:33  SCV  
  30  6:40  Marine x2  
  30  6:45  SCV  
  33  6:58  Marine x2  
  33  7:00  Siege Tank  
  36  7:15  Marine  
  36  7:16  Marine  
  25  7:39  Marine x2  
  25  7:40  Viking  
  29  7:45  SCV  
  30  7:57  Marine x2  
  32  8:04  Cyclone  
  35  8:10  SCV  
  36  8:22  SCV  
  37  8:34  SCV  
  36  8:48  SCV, Marine x2  
Show
View Real Time Build Order
Export as new Build Order

Dystopia Protoss 

Build Orders: 1 Gate Expand 

Get SALT Encoding   

  12  0:01  Probe  
  13  0:13  Probe  
  14  0:18  Pylon  
  14  0:25  Probe  
  15  0:37  Probe (Chrono Boost)  
  15  0:39  Gateway  
  16  0:44  Assimilator  
  16  0:49  Probe (Chrono Boost)  
  17  0:54  Probe (Chrono Boost)  
  18  1:03  Probe  
  19  1:16  Probe  
  20  1:25  Nexus  
  20  1:35  Zealot (Chrono Boost), Cybernetics Core  
  22  1:40  Probe  
  23  1:47  Assimilator  
  23  1:49  Pylon  
  23  2:07  Probe  
  24  2:09  Stalker (Chrono Boost)  
  24  2:10  Warp Gate (Chrono Boost)  
  24  2:12  Gateway  
  26  2:19  Probe  
  27  2:36  Shield Battery, Stalker  
  29  2:44  Gateway  
  29  2:46  Probe  
  29  3:03  Probe  
  29  3:04  Shield Battery  
  30  3:18  Pylon  
  30  3:21  Pylon  
  30  3:29  Pylon  
  30  3:36  Stalker  
  30  4:09  Zealot x2  
  34  4:22  Stalker  
  36  4:30  Adept x2  
  34  4:47  Stalker  
  34  4:48  Stalker  
  28  4:52  Stalker  
  30  5:14  Stalker x2  
  30  5:18  Stalker  
  30  5:20  Pylon  
  34  5:37  Stalker  
  34  5:38  Stalker  
  18  6:03  Stalker x3  
  20  6:10  Probe (Chrono Boost)  
  21  6:22  Probe (Chrono Boost)  
  22  6:30  Probe (Chrono Boost)  
  23  6:36  Adept x2  
  23  6:37  Probe  
  28  6:41  Zealot  
  30  6:50  Probe  
  31  7:09  Adept  
  31  7:13  Probe  
  20  7:39  Adept x2  
  20  7:42  Sentry  
  20  8:07  Zealot x2  
  20  8:12  Sentry  
  26  8:33  Adept  
  25  8:40  Probe (Chrono Boost)  
  21  8:51  Adept  
  23  9:01  Adept  
Tags
 
Add a new tag
Caveats
  • Supply blocks, unpowered buildings, or Contaminate may cause inaccurate times.
  • Supply counts are checked every 10 seconds.